 Dungeon Crawl Stone Soup version 0.30-a0-782-ge64f9170bb (webtiles) character file.

Game seed: 10229573848235454183

1968 Anon1729 the Protected (level 9, -3/81 HPs)
             Began as a Minotaur Monk on Feb 22, 2023.
             Was a Believer of Ru.
             Slain by a two-headed ogre
             ... wielding a +0 giant club
              (5 damage)
             ... on level 5 of the Dungeon.
             The game lasted 00:05:20 (5558 turns).

Anon1729 the Protected (Minotaur Monk)              Turns: 5558, Time: 00:05:21

Health: -3/81      AC: 14    Str: 20    XL:     9   Next: 0%
Magic:  8/8        EV:  9    Int:  7    God:    Ru [**....]
Gold:   321        SH:  0    Dex: 13    Spells: 8/8 levels left

rFire   . . .      SeeInvis .    E - +1 war axe (elec)
rCold   . . .      Faith    .    (no shield)
rNeg    . . .      Spirit   .    B - +0 scale mail
rPois   .          Reflect  .    (helmet restricted)
rElec   .          Harm     .    (no cloak)
rCorr   .          Rampage  .    F - +2 pair of gloves
Will    .....                    o - +1 pair of boots Stlth
                                 (no amulet)
HPRegen 0.33/turn                (no ring)
MPRegen 0.11/turn                (no ring)

@: no status effects
A: horns 2, no stealth, inability to train dodging, retaliatory headbutt
a: Renounce Religion


You were on level 5 of the Dungeon.
You worshipped Ru.
Ru was pleased with you.
You visited 1 branch of the dungeon, and saw 5 of its levels.

You collected 321 gold pieces.

Inventory:

Hand Weapons
 a - a +0 hand axe
 D - a +2 dire flail of venom
 E - a +1 war axe of electrocution (weapon)
Armour
 b - a +0 robe
 o - a +1 pair of boots (worn)
 z - an orb of guile
 B - a +0 scale mail (worn)
 F - a +2 pair of gloves (worn)
Jewellery
 h - a +6 ring of intelligence
Wands
 x - a wand of flame (18)
 y - a wand of mindburst (12)
Scrolls
 d - 2 scrolls of fog
 e - 2 scrolls of butterflies
 f - a scroll of magic mapping {unknown}
 j - 2 scrolls of identify
 k - a scroll of blinking {unknown}
 n - 3 scrolls of teleportation {unknown}
 q - a scroll of vulnerability {unknown}
 r - a scroll of fear
 v - a scroll of poison {unknown}
 w - 3 scrolls of enchant weapon {unknown}
 A - a scroll of noise {unknown}
Potions
 c - 3 potions of ambrosia
 g - 2 potions of lignification {unknown}
 i - 3 potions of degeneration {unknown}
 l - a potion of curing {unknown}
 m - 2 potions of flight {unknown}
 p - 2 potions of haste {unknown}
 s - a potion of cancellation {unknown}
 t - 4 potions of heal wounds {unknown}
 u - a potion of attraction {unknown}
 C - a potion of might {unknown}
 G - a potion of mutation {unknown}


   Skills:
 + Level 8.1 Fighting
 + Level 8.1 Axes
 * Level 8.5 Armour
   Level 0.0 Dodging
   Level 0.0 Stealth


You had 8 spell levels left.
You didn't know any spells.
Your spell library contained the following spells:

 Spells                   Type           Power      Damage    Failure   Level
 Sandblast                Erth           0%         2d4       75%         1
 Passwall                 Tmut/Erth      0%         N/A       86%         2
 Stone Arrow              Conj/Erth      0%         3d7       98%         3
 Animate Armour           Summ/Erth      0%         N/A       100%        4
 Blade Hands              Tmut           0%         N/A       100%        5
 Iron Shot                Conj/Erth      0%         9d1       100%        6


Dungeon Overview and Level Annotations

Branches:
Dungeon (5/15)             Temple (0/1) D:4

Altars:
Ru
Sif Muna
Vehumet
Zin
The Shining One

Shops:
D:5 (

Annotations:
D:3 1 runed translucent door, Barsley's ghost, amateur MeRe
D:4 Dowan; Duvessa


Innate Abilities, Weirdness & Mutations

You have a pair of horns on your head.
You cannot be stealthy.
You cannot train Dodging skill.
You reflexively headbutt those who attack you in melee.


Message History

You slash the two-headed ogre!
The two-headed ogre is moderately wounded.
The two-headed ogre hits you but does no damage.
The two-headed ogre hits you with a +0 giant spiked club!!
You barely miss the two-headed ogre.
The two-headed ogre is moderately wounded.
The two-headed ogre hits you with a +0 giant club!!
The two-headed ogre hits you with a +0 giant spiked club!
You are too injured to fight recklessly!
You are too injured to fight recklessly!
You are too injured to fight recklessly!
You are too injured to fight recklessly!
You are too injured to fight recklessly!
You are too injured to fight recklessly!
You are too injured to fight recklessly!
You are too injured to fight recklessly!
You are too injured to fight recklessly!
You are too injured to fight recklessly!
You are too injured to fight recklessly!
Okay, then.
Okay, then.
Unknown command.
Okay, then.
You slash the two-headed ogre!
The two-headed ogre is heavily wounded.
The two-headed ogre hits you with a +0 giant club!
* * * LOW HITPOINT WARNING * * *
The two-headed ogre hits you with a +0 giant spiked club!!
* * * LOW HITPOINT WARNING * * *
Okay, then.
Okay, then.
Unknown command.
Aiming: Mindburst
Press: ? - help, Shift-Dir - straight line, f - two-headed ogre
Aim: a two-headed ogre, wielding a +0 giant club and a +0 giant spiked club (heavily wounded, chance to affect: 47%)
The two-headed ogre resists with some effort.
You barely miss the two-headed ogre.
The two-headed ogre is heavily wounded.
The two-headed ogre hits you with a +0 giant club.
You die...

#......#..#......#
#......#..#......#
#†.#####..#####..#
#......#..#......#
#......#..#......#
#####..#..#..#####
#...#..#..#..# .}#
#.8.#..#..#..#.)!#
#...††.#..#.@O:.)#
############..########
.....# #..#.#.##.#
###### #....#..#.#
.....##########.##.#.#
####........###.##.#.#
## ###########.......#
.###.~~~~## #.###.#.#
.##.~~.~.~# #.###.#.#


You could see a two-headed ogre.

Vanquished Creatures
  A troll (D:5)
  Sigmund (D:4)
  Edmund (D:4)
  3 water moccasins (D:5)
  An ice beast (D:5)
  2 black bears (D:5)
  An ogre (D:5)
  2 phantoms (D:5)
  2 bullfrogs (D:5)
  2 scorpions
  An orc priest (D:5)
  A hound (D:5)
  A jelly (D:5)
  2 iguanas
  Ijyb (D:4)
  An orc wizard (D:5)
  4 gnolls
  9 adders
  2 shadow imps (D:5)
  2 white imps (D:5)
  2 worms (D:2)
  4 dart slugs
  10 orcs
  4 endoplasms
  3 giant cockroaches
  2 goblins
  2 hobgoblins
  5 quokkas
  7 ball pythons
  9 bats
  3 frilled lizards
  4 kobolds
  24 rats
119 creatures vanquished.

Vanquished Creatures (others)
  7 fungi (D:5)
7 creatures vanquished.

Grand Total: 126 creatures vanquished

Notes
Turn   | Place    | Note
-------+----------+-------------------------------------------
     0 | D:1      | Anon1729 the Minotaur Monk began the quest for the Orb.
     0 | D:1      | Reached XP level 1. HP: 19/19 MP: 0/0
   279 | D:1      | Reached XP level 2. HP: 25/27 MP: 1/1
   612 | D:1      | Found a faded altar of an unknown god.
   631 | D:1      | Reached XP level 3. HP: 26/33 MP: 2/2
   634 | D:1      | Prayed at the altar of an unknown god.
   634 | D:1      | Became a worshipper of Ru the Awakened
   648 | D:1      | Gained mutation: You cannot be stealthy. [Ru sacrifice]
  1307 | D:2      | Reached XP level 4. HP: 22/41 MP: 3/3
  1560 | D:2      | Found a radiant altar of Vehumet.
  2485 | D:3      | Found a runed translucent door.
  2486 | D:3      | Noticed a bullfrog
  2486 | D:3      | Noticed Barsley's ghost (amateur MeRe)
  2780 | D:4      | Noticed Ijyb
  2781 | D:4      | Noticed a scorpion
  2791 | D:4      | Killed Ijyb
  2792 | D:4      | Reached XP level 5. HP: 42/47 MP: 4/4
  2799 | D:4      | Reached skill level 5 in Fighting
  2799 | D:4      | Reached skill level 5 in Axes
  2983 | D:4      | Noticed Duvessa
  2983 | D:4      | Noticed Dowan
  3258 | D:4      | Found a staircase to the Ecumenical Temple.
  3448 | D:4      | Gained mutation: You cannot train Dodging skill. [Ru
                  | sacrifice]
  3448 | D:4      | Reached * piety under Ru
  3448 | D:4      | Reached ** piety under Ru
  3530 | D:4      | Reached skill level 1 in Armour
  3755 | D:4      | Noticed Edmund
  3758 | D:4      | Killed Edmund
  3759 | D:4      | Reached XP level 6. HP: 56/56 MP: 5/5
  3807 | D:4      | Noticed Sigmund
  3826 | D:4      | Killed Sigmund
  3827 | D:4      | Reached XP level 7. HP: 36/63 MP: 6/6
  4086 | D:5      | Entered Level 5 of the Dungeon
  4195 | D:5      | Found a shimmering blue altar of Sif Muna.
  4215 | D:5      | Found a glowing silver altar of Zin.
  4417 | D:5      | Reached skill level 5 in Armour
  4701 | D:5      | Found Kezxogei's Weapon Shop.
  4826 | D:5      | Found a glowing golden altar of the Shining One.
  5226 | D:5      | Reached XP level 8. HP: 66/71 MP: 7/7
  5548 | D:5      | Noticed a troll
  5549 | D:5      | Noticed a two-headed ogre
  5553 | D:5      | Killed a troll
  5554 | D:5      | Reached XP level 9. HP: 77/81 MP: 8/8
  5556 | D:5      | HP: 1/81 [two-headed ogre/+0 giant club (18)]
  5558 | D:5      | Slain by a two-headed ogre

Illustrated notes

Levels and vault maps discovered:
D:1:      heliophobic_arrival_dark_side_of_the_moon, layout_basic,
          shapermc_ecumenical_altar_notcrosses
D:2:      layout_loops_corners, basic_altar
D:3:      layout_rooms, ebering_ghost_inner_flame,
          chequers_serial_rivers_large_a, skrybe_limestone_x, dk_noncrumbling_4
D:4:      layout_loops_corners, minmay_temple_entry_poolview, minmay_rat_hole,
          uniq_ijyb, uniq_duvessa, uniq_edmund, uniq_sigmund
D:5:      kennysheep_windowed_halls, layout_loops_cross,
          grunt_temple_overflow_open, serial_shops, nicolae_stop_n_shop_2,
          serial_aquarium, aquarium_bridge_square [aquarium_subvault_wall,
          aquarium_subvault_bridge, aquarium_subvault_window,
          aquarium_subvault_wall], aquarium_bridge_straight
          [aquarium_subvault_bridge, aquarium_subvault_window,
          aquarium_subvault_bridge, aquarium_subvault_window],
          aquarium_window_2, aquarium_window_2, aquarium_view_2b,
          aquarium_view_2e, aquarium_balcony_3a

Skill      XL: |  1  2  3  4  5  6  7  8 |
---------------+-------------------------+-----
Fighting       | 4 5 6 8 |  8.1
Stealth        | 2 0 |  0.0
Axes           | 4 5 6 8 |  8.1
Dodging        | 4 0 |  0.0
Armour         | 2 3 6 8 |  8.5

Action                     |  1- 3 |  4- 6 |  7- 9 || total
---------------------------+-------+-------+-------++-------
  Melee: Hand axe          |    78 |   105 |    70 ||   253
         Headbutt          |    12 |    19 |    23 ||    54
         War axe           |       |       |    63 ||    63
 Invoke: Sacrifice Stealth |     1 |       |       ||     1
         Sacrifice Nimblen |       |     1 |       ||     1
  Evoke: Wand              |       |     6 |     1 ||     7
    Use: Scroll            |       |     3 |       ||     3
   Stab: Sleeping          |     2 |       |       ||     2
         Invisible         |       |       |     1 ||     1
 Armour: Robe              |     6 |     7 |       ||    13
         Scale mail        |       |    11 |    66 ||    77
  Dodge: Dodged            |    77 |    56 |    80 ||   213

Table legend: (Time is in decaauts)
 A = Elapsed time spent in this place.
 B = Non-inter-level travel time spent in this place.
 C = Inter-level travel time spent in this place.
 D = Time resting spent in this place.
 E = Time spent auto-exploring this place.
 F = Levels seen in this place.
 G = Mean time per level.
                   A        B        C        D        E       F      G
               +--------+--------+--------+--------+--------+-----+--------+
         Total |   5593 |   5474 |    119 |    312 |   4268 |   5 | 1118.6 |
       Dungeon |   5593 |   5474 |    119 |    312 |   4268 |   5 | 1118.6 |
               +--------+--------+--------+--------+--------+-----+--------+

Top non-repeatable levels by time:
     D:5: 1479 daAuts
     D:1: 1283 daAuts
     D:4: 1280 daAuts
     D:2: 932 daAuts
     D:3: 617 daAuts
